 Dungeon Crawl Stone Soup version 0.19-a0-1292-g796ee4d (webtiles) character file.

85 Slobodan the Cutter (level 4, -3/27 HPs)
             Began as a Halfling Enchanter on Aug 29, 2016.
             Was an Initiate of Dithmenos.
             Killed from afar by an orc wizard (9 damage)
             ... with a magic dart
             ... on level 3 of the Dungeon on Aug 30, 2016.
             The game lasted 00:20:26 (2691 turns).

Slobodan the Cutter (Halfling Enchanter)            Turns: 2691, Time: 00:20:27

Health: -3/27      AC:  6    Str:  6    XL:     4   Next: 75%
Magic:  6/6        EV: 15    Int: 15    God:    Dithmenos [......]
Gold:   86         SH:  0    Dex: 13    Spells: 2 memorised, 3 levels left

rFire  . . .     SeeInvis .     a - +1 dagger
rCold  . . .     Gourm    .     b - +1 robe
rNeg   . . .     Faith    .     (shield restricted)
rPois  .         Spirit   .     q - +0 helmet (curse)
rElec  .         Dismiss  .     (no cloak)
rCorr  .         Reflect  .     (no gloves)
MR     .....     Harm     .     (no boots)
Stlth  +++.......               (no amulet)
                                (no ring)
                                (no ring)

@: very slightly contaminated, invisible
A: rough black scales 1, mutation resistance 1, weak 1
a: Renounce Religion


You were on level 3 of the Dungeon.
You worshipped Dithmenos.
Dithmenos was noncommittal.
You were not hungry.

You visited 1 branch of the dungeon, and saw 3 of its levels.

You collected 86 gold pieces.

Inventory:

Hand Weapons
 a - a +1 dagger (weapon)
 j - a +0 short sword of freezing
 p - a +0 hunting sling
Missiles
 u - 7 needles of paralysis
 x - 28 stones (quivered)
Armour
 b - a +1 robe (worn)
 q - a cursed +0 helmet (worn)
Jewellery
 g - a cursed ring of teleportation {unknown}
 k - an uncursed ring of protection from magic {unknown}
 s - an uncursed ring of positive energy {unknown}
Scrolls
 h - a scroll of enchant armour {unknown}
 m - 2 scrolls of teleportation {unknown}
 n - a scroll of recharging {unknown}
 o - a scroll of fear {unknown}
 r - 3 scrolls of identify {unknown}
 w - a scroll of random uselessness {unknown}
Potions
 l - a potion of agility {unknown}
 t - 2 potions of curing
Books
 c - a book of Maledictions

   Spells                             Type                      Level
   a - Corona                         Hexes                        1
   b - Ensorcelled Hibernation        Hexes/Ice                    2
   c - Confuse                        Hexes                        3
   d - Tukima's Dance                 Hexes                        3
   e - Dazzling Spray                 Conjuration/Hexes            3
Comestibles
 d - 3 bread rations
 f - 2 meat rations
 v - 3 chunks of flesh


   Skills:
 * Level 4.2 Short Blades
 - Level 2.1 Dodging
 + Level 3.9 Stealth
 - Level 1.5 Spellcasting
 - Level 3.0 Hexes
 - Level 1.0 Ice Magic


You had 3 spell levels left.
You knew the following spells:

 Your Spells              Type           Power        Failure   Level  Hunger
a - Corona                Hex            ##.....      10%         1    ##.....
b - Ensorcelled Hibernat  Hex/Ice        #.....       17%         2    ###....


Dungeon Overview and Level Annotations

Branches:
Dungeon (3/15)

Altars:
Dithmenos
Elyvilon
Hepliaklqana
Okawaru
Uskayaw


Innate Abilities, Weirdness & Mutations

You are small and have problems with some larger weapons.
You are somewhat resistant to further mutation.
You are partially covered in rough black scales. (AC +2, Dex -1)
You are weak. (Str -2)


Message History

The orc hits you with a club. The orc wizard closely misses you.
The orc barely misses you.
It was a potion of mutation.
You feel extremely strange.
You feel weaker.
Rough black scales grow over part of your body.
The orc wizard closely misses you. The orc completely misses you.
The orc hits you but does no damage. The orc wizard barely misses you.
It was a potion of invisibility.
You fade into invisibility!
The orc hits you from afar with a trident!
The orc wizard closely misses you. The orc barely misses you.
The orc wizard gestures at you while chanting.
The magic dart hits you!
* * * LOW HITPOINT WARNING * * *
The orc misses you.
You are very lightly contaminated with residual magic.
You feel better. The orc wizard casts a spell at you. The magic dart hits you!
You die...

####################
#.............##...#######
#..####.#####.##.#........
#..# #...)......(.####...
#..#########...#...# #.##
#..##...o@.....#...####.#
#......oooo..........##.##
#.....#........[..........
#..####.#####........##...
#..# #.# #.##...####.#.
#..# #.# #.##..)# #...
####..# #.# #.###.## ##..
#.....# #.# ##.# #.# #..
#.###.####.# #..# #.# #..


You could see 2 orc wizards and 3 orcs.

Vanquished Creatures
  An adder (D:2)
  An ooze (D:3)
  2 worms (D:2)
  5 dart slugs
  2 giant geckos (D:3)
  An orc (D:3)
  3 giant cockroaches
  8 goblins
  7 hobgoblins
  7 kobolds
  12 bats
  2 giant newts
  2 rats
53 creatures vanquished.

Notes
Turn   | Place    | Note
-------+----------+-------------------------------------------
     0 | D:1      | Slobodan the Halfling Enchanter began the quest for the Orb.
     0 | D:1      | Reached XP level 1. HP: 11/11 MP: 3/3
   343 | D:1      | Reached skill level 2 in Short Blades
   365 | D:1      | Reached XP level 2. HP: 10/17 MP: 4/4
   635 | D:1      | Learned a level 2 spell: Ensorcelled Hibernation
   849 | D:1      | Reached skill level 3 in Short Blades
   849 | D:1      | Reached XP level 3. HP: 15/21 MP: 5/5
  1435 | D:2      | Found a hazy altar of Hepliaklqana.
  1540 | D:2      | Found a shadowy altar of Dithmenos.
  1577 | D:2      | Became a worshipper of Dithmenos the Shadowed
  1744 | D:2      | Reached XP level 4. HP: 21/27 MP: 6/6
  1754 | D:2      | Found a hide-covered altar of Uskayaw.
  1856 | D:2      | Found an iron altar of Okawaru.
  2099 | D:3      | Reached skill level 4 in Short Blades
  2206 | D:3      | Reached skill level 1 in Ice Magic
  2254 | D:3      | Found a white marble altar of Elyvilon.
  2652 | D:3      | Upgraded the game from 0.19-a0-1268-g6c5d9f8 to 0.19-a0-1292-g796ee4d
  2689 | D:3      | Gained mutation: You are weak. (Str -2) [potion of mutation]
  2689 | D:3      | Gained mutation: You are partially covered in rough black scales. (AC +2, Dex -1) [potion of mutation]
  2690 | D:3      | HP: 1/27 [orc wizard/magic dart (10)]
  2691 | D:3      | Killed from afar by an orc wizard

Vault maps used:
D:1:      dpeg_arrival_rhombus, minmay_tree_intersection
D:2:      nicolae_overflow_crystal_walls, overflow_temple_1_default,
          lemuel_doored_altar, okawaru_trees_1
D:3:      nicolae_overflow_hidden_temple, first_bread

Skill      XL: |  1  2  3  4 |
---------------+-------------+-----
Short Blades   | 2 3 4 |  4.2
Hexes          | 3 |  3.0
Ice Magic      | 1 |  1.0
Dodging        | |  2.1
Stealth        | |  3.9
Spellcasting   | |  1.5

Action                   |  1- 3 |  4- 6 || total
-------------------------+-------+-------++-------
Melee: Dagger            |   121 |    67 ||   188
 Cast: Ensorcelled Hiber |       |     7 ||     7
       Corona            |       |     2 ||     2
  Use: Potion            |       |     5 ||     5
 Stab: Sleeping          |     8 |    10 ||    18
       Distracted        |     1 |       ||     1
  Eat: Chunk             |     3 |     3 ||     6
Armor: Robe              |    30 |    11 ||    41
Dodge: Dodged            |    78 |    61 ||   139
